| TOP OF THE 1ST |
|
Oakland Athletics batting - Pitching for Detroit Tigers : RHP Andy Miller
|
|
Pitching: RHP Andy Miller
|
|
|
Batting: RHB Randy Shrewsbury
|
0-0: Called Strike 0-1: Foul Ball, location: 2F 0-2: Ball 1-2: Foul Ball, location: 2F 1-2: Foul Ball, location: 2F 1-2: Ball 2-2: Fly out, F9 (Flyball, 9S, EV 86.9 MPH)
|
|
Batting: LHB Tom Butterbaugh
|
0-0: Ball 1-0: Foul Ball, location: 2F 1-1: Ball 2-1: SINGLE (Groundball, 34D, EV 111.9 MPH)
|
|
Batting: RHB Muneo Kawachi
|
0-0: Foul Ball, location: 2F 0-1: Called Strike 0-2: Ball 1-2: Ball 2-2: Ball 3-2: Strikes out looking Tom Butterbaugh is caught stealing 2nd base 2-4 Batter strikes out.
|
| Top of the 1st over - 0 runs, 1 hit, 0 errors, 0 left on base; Oakland 0 - Detroit 0 |
| BOTTOM OF THE 1ST |
|
Detroit Tigers batting - Pitching for Oakland Athletics : RHP Melvin Medellin
|
|
Pitching: RHP Melvin Medellin
|
|
|
Batting: LHB Dave Carlisle
|
0-0: Called Strike 0-1: Called Strike 0-2: Strikes out swinging
|
|
Batting: LHB Frank McConnell
|
0-0: Ball 1-0: SINGLE (Groundball, 6D, EV 103.1 MPH)
|
|
Batting: RHB Victor Quinones
|
0-0: Ball 1-0: Called Strike 1-1: Ball 2-1: Swinging Strike 2-2: 2-RUN HOME RUN (Flyball, 7D, EV 103.1 MPH), Distance : 380 ft
|
|
Batting: LHB Conrad Taylor
|
0-0: Foul Ball, location: 2F 0-1: Foul Ball, location: 2F 0-2: Strikes out swinging
|
|
Batting: SHB Ross Holland
|
0-0: Ball 1-0: Called Strike 1-1: Ball 2-1: Swinging Strike 2-2: Foul Ball, location: 2F 2-2: Ball 3-2: Base on Balls
|
|
Batting: LHB Tyler Davis
|
0-0: Ball Ross Holland is caught stealing 2nd base 2-6
|
| Bottom of the 1st over - 2 runs, 2 hits, 0 errors, 0 left on base; Oakland 0 - Detroit 2 |
| TOP OF THE 2ND |
|
Oakland Athletics batting - Pitching for Detroit Tigers : RHP Andy Miller
|
|
Batting: LHB Bob Branham
|
0-0: Swinging Strike 0-1: Swinging Strike 0-2: Strikes out swinging
|
|
Batting: LHB Juan Concepcion
|
0-0: SINGLE (Groundball, 6MD, EV 107.5 MPH)
|
|
Batting: SHB Quincy Bradford
|
0-0: Ball 1-0: Called Strike 1-1: Called Strike 1-2: Strikes out looking
|
|
Batting: LHB Jeff Luvisi
|
0-0: Called Strike 0-1: Ball 1-1: Called Strike 1-2: Foul Ball, location: 2F 1-2: Ball 2-2: Strikes out looking
|
| Top of the 2nd over - 0 runs, 1 hit, 0 errors, 1 left on base; Oakland 0 - Detroit 2 |
| BOTTOM OF THE 2ND |
|
Detroit Tigers batting - Pitching for Oakland Athletics : RHP Melvin Medellin
|
|
Batting: LHB Tyler Davis
|
0-0: Ball 1-0: SINGLE (Groundball, 4M, EV 102.5 MPH) (infield hit)
|
|
Batting: RHB Dan Becvar
|
0-0: Ball 1-0: Fly out, F7 (Flyball, 7S, EV 75.6 MPH)
|
|
Batting: RHB Dan Friess
|
0-0: Foul Ball, location: 2F 0-1: Foul Ball, location: 2F 0-2: Strikes out swinging
|
|
Batting: RHB Jerry Jauregui
|
0-0: Ball 1-0: Called Strike 1-1: SINGLE (Line Drive, 4MD, EV 105.0 MPH) Tyler Davis to second Runner from 2nd tries for 3rd, SAFE, throw by CF made to third
|
|
Batting: LHB Dave Carlisle
|
0-0: Called Strike 0-1: Foul Ball, location: 2F 0-2: Ball 1-2: Foul Ball, location: 2F 1-2: Ball 2-2: Ground out 4-3 (Groundball, 4, EV 103.1 MPH)
|
| Bottom of the 2nd over - 0 runs, 2 hits, 0 errors, 2 left on base; Oakland 0 - Detroit 2 |
| TOP OF THE 3RD |
|
Oakland Athletics batting - Pitching for Detroit Tigers : RHP Andy Miller
|
|
Batting: RHB Nick Gentzel
|
0-0: Called Strike 0-1: Ball 1-1: Ground out 5-3 (Groundball, 5, EV 97.5 MPH)
|
|
Batting: LHB Al Hernandez
|
0-0: Foul Ball, location: 2F 0-1: Ball 1-1: Foul Ball, location: 2F 1-2: Foul Ball, location: 2F 1-2: Ball 2-2: Ball 3-2: Fly out, F8 (Flyball, 8RXD, EV 99.4 MPH)
|
|
Batting: RHB Randy Shrewsbury
|
0-0: Called Strike 0-1: Swinging Strike 0-2: Strikes out swinging
|
| Top of the 3rd over - 0 runs, 0 hits, 0 errors, 0 left on base; Oakland 0 - Detroit 2 |
| BOTTOM OF THE 3RD |
|
Detroit Tigers batting - Pitching for Oakland Athletics : RHP Melvin Medellin
|
|
Batting: LHB Frank McConnell
|
0-0: DOUBLE (Line Drive, 78D, EV 113.1 MPH)
|
|
Batting: RHB Victor Quinones
|
0-0: Foul Ball, location: 2F 0-1: Foul Ball, location: 2F 0-2: Ball 1-2: Ball 2-2: Ball 3-2: Strikes out swinging
|
|
Batting: LHB Conrad Taylor
|
0-0: Called Strike 0-1: Ball 1-1: Ball 2-1: Foul Ball, location: 2F 2-2: Foul Ball, location: 2F 2-2: Ball 3-2: Foul Ball, location: 2F 3-2: SINGLE (Groundball, 34D, EV 106.9 MPH) Frank McConnell to third Runner from 3rd tries for Home, SAFE, throw by RF to home
|
|
Batting: SHB Ross Holland
|
0-0: Foul Ball, location: 2F 0-1: Ball 1-1: Grounds into double play, 4-6-3 (Groundball, 4, EV 81.9 MPH)
|
| Bottom of the 3rd over - 1 run, 2 hits, 0 errors, 0 left on base; Oakland 0 - Detroit 3 |
| TOP OF THE 4TH |
|
Oakland Athletics batting - Pitching for Detroit Tigers : RHP Andy Miller
|
|
Batting: LHB Tom Butterbaugh
|
0-0: Foul Ball, location: 2F 0-1: Ball 1-1: Called Strike 1-2: Ball 2-2: Hit by Pitch
|
|
Batting: RHB Muneo Kawachi
|
0-0: Ball 1-0: Called Strike 1-1: Ball 2-1: DOUBLE (Line Drive, 7LM, EV 104.4 MPH) Tom Butterbaugh to third
|
|
Batting: LHB Bob Branham
|
0-0: SINGLE (Flyball, 8RS, EV 89.4 MPH) Tom Butterbaugh scores Muneo Kawachi to third Runner from 3rd tries for Home, SAFE, throw by CF to home Bob Branham to second
|
|
Now in LF: Adam Weber
|
|
|
Now in CF: Ross Holland
|
|
|
Batting: LHB Juan Concepcion
|
0-0: Ball 1-0: Ball 2-0: Called Strike 2-1: Foul Ball, location: 2F 2-2: Ground out U3 (Groundball, 3L, EV 83.8 MPH) Bob Branham to third
|
|
Batting: SHB Quincy Bradford
|
0-0: Ball 1-0: Ball 2-0: Ball 3-0: Called Strike 3-1: Foul Ball, location: 2F 3-2: Fly out, F8 (Flyball, 8LD, EV 95.0 MPH)
|
|
Batting: LHB Jeff Luvisi
|
0-0: Ball 1-0: SINGLE (Groundball, 6MD, EV 94.4 MPH) Bob Branham scores
|
|
Batting: RHB Nick Gentzel
|
0-0: Ball 1-0: 2-RUN HOME RUN (Line Drive, 78XD, EV 103.8 MPH), Distance : 416 ft
|
|
Batting: LHB Al Hernandez
|
0-0: Called Strike 0-1: Ball 1-1: Called Strike 1-2: Strikes out looking
|
| Top of the 4th over - 5 runs, 4 hits, 0 errors, 0 left on base; Oakland 5 - Detroit 3 |
| BOTTOM OF THE 4TH |
|
Detroit Tigers batting - Pitching for Oakland Athletics : RHP Melvin Medellin
|
|
Batting: LHB Tyler Davis
|
0-0: Called Strike 0-1: Fly out, F8 (Flyball, 8LD, EV 95.6 MPH)
|
|
Batting: RHB Dan Becvar
|
0-0: Swinging Strike 0-1: Called Strike 0-2: Strikes out looking
|
|
Batting: RHB Dan Friess
|
0-0: Ball 1-0: Called Strike 1-1: Swinging Strike 1-2: Strikes out looking
|
| Bottom of the 4th over - 0 runs, 0 hits, 0 errors, 0 left on base; Oakland 5 - Detroit 3 |
| TOP OF THE 5TH |
|
Oakland Athletics batting - Pitching for Detroit Tigers : RHP Andy Miller
|
|
Batting: RHB Randy Shrewsbury
|
0-0: Ball 1-0: Ball 2-0: Ball 3-0: Called Strike 3-1: Foul Ball, location: 2F 3-2: Base on Balls
|
|
Batting: LHB Tom Butterbaugh
|
0-0: Ball 1-0: Ball 2-0: Foul Ball, location: 2F 2-1: Foul Ball, location: 2F 2-2: Ground out 4-3 (Groundball, 4D, EV 101.9 MPH) Randy Shrewsbury to second
|
|
Batting: RHB Muneo Kawachi
|
0-0: SINGLE (Groundball, 4MD, EV 90.6 MPH) (infield hit) Randy Shrewsbury to third
|
|
Batting: LHB Bob Branham
|
0-0: Ball 1-0: Called Strike 1-1: Ball Muneo Kawachi steals 2nd base 2-1: Ball Wild Pitch! Randy Shrewsbury scores Muneo Kawachi to third 3-1: DOUBLE (Line Drive, 7LM, EV 91.2 MPH) Muneo Kawachi scores
|
|
Pitching: RHP Caleb Franklin
|
|
|
Batting: LHB Juan Concepcion
|
0-0: Ball 1-0: Ball 2-0: Called Strike 2-1: Foul Ball, location: 2F 2-2: Foul Ball, location: 2F 2-2: Strikes out swinging
|
|
Batting: SHB Quincy Bradford
|
0-0: Called Strike 0-1: Foul Ball, location: 2F 0-2: Ball 1-2: DOUBLE (Flyball, 8RXD, EV 107.5 MPH) Bob Branham scores
|
|
Batting: LHB Jeff Luvisi
|
0-0: Called Strike 0-1: DOUBLE (Flyball, 89XD, EV 108.1 MPH) Quincy Bradford scores
|
|
Batting: RHB Nick Gentzel
|
0-0: Ball 1-0: Foul Ball, location: 2F 1-1: Ball 2-1: Foul Ball, location: 2F 2-2: Ball 3-2: Strikes out swinging
|
| Top of the 5th over - 4 runs, 4 hits, 0 errors, 1 left on base; Oakland 9 - Detroit 3 |
| BOTTOM OF THE 5TH |
|
Detroit Tigers batting - Pitching for Oakland Athletics : RHP Melvin Medellin
|
|
Batting: RHB Jerry Jauregui
|
0-0: Foul Ball, location: 2F 0-1: Ball 1-1: Ball 2-1: Swinging Strike 2-2: Strikes out swinging
|
|
Batting: LHB Dave Carlisle
|
0-0: Ball 1-0: Swinging Strike 1-1: Swinging Strike 1-2: Strikes out looking
|
|
Batting: LHB Frank McConnell
|
0-0: Ball 1-0: Ball 2-0: Ball 3-0: Called Strike 3-1: Fly out, F8 (Flyball, 8LM, EV 88.8 MPH)
|
| Bottom of the 5th over - 0 runs, 0 hits, 0 errors, 0 left on base; Oakland 9 - Detroit 3 |
| TOP OF THE 6TH |
|
Oakland Athletics batting - Pitching for Detroit Tigers : RHP Caleb Franklin
|
|
Batting: LHB Al Hernandez
|
0-0: Called Strike 0-1: Ball 1-1: Ball 2-1: Ground out U3 (Groundball, 3, EV 108.8 MPH)
|
|
Batting: RHB Randy Shrewsbury
|
0-0: Swinging Strike 0-1: SINGLE (Groundball, 56S, EV 66.2 MPH) (infield hit)
|
|
Batting: LHB Tom Butterbaugh
|
0-0: Foul Ball, location: 2F 0-1: Ball 1-1: Called Strike 1-2: Ball 2-2: Ball 3-2: Strikes out looking Randy Shrewsbury steals 2nd base Batter strikes out.
|
|
Batting: RHB Muneo Kawachi
|
0-0: Swinging Strike 0-1: Ball 1-1: Ball 2-1: Swinging Strike 2-2: Strikes out swinging
|
| Top of the 6th over - 0 runs, 1 hit, 0 errors, 1 left on base; Oakland 9 - Detroit 3 |
| BOTTOM OF THE 6TH |
|
Detroit Tigers batting - Pitching for Oakland Athletics : RHP Melvin Medellin
|
|
Batting: SHB Adam Weber
|
0-0: Ball 1-0: Called Strike 1-1: Called Strike 1-2: Ball 2-2: SINGLE (Line Drive, 89S, EV 112.5 MPH)
|
|
Batting: LHB Conrad Taylor
|
0-0: Ball 1-0: Ball 2-0: Ball Adam Weber steals 2nd, throwing error, E2 Adam Weber to third 3-0: Called Strike 3-1: SINGLE (Line Drive, 9LM, EV 110.0 MPH) Adam Weber scores
|
|
Batting: SHB Ross Holland
|
0-0: Foul Ball, location: 2F 0-1: Ball 1-1: Ball 2-1: Swinging Strike 2-2: Strikes out swinging
|
|
Batting: LHB Tyler Davis
|
0-0: Called Strike 0-1: Called Strike 0-2: Ball 1-2: Foul Ball, location: 2F 1-2: Ball 2-2: Strikes out looking
|
|
Batting: RHB Dan Becvar
|
0-0: Called Strike 0-1: Ball 1-1: Ground out 3-1 (Groundball, 34, EV 90.0 MPH)
|
| Bottom of the 6th over - 1 run, 2 hits, 1 error, 1 left on base; Oakland 9 - Detroit 4 |
| TOP OF THE 7TH |
|
Oakland Athletics batting - Pitching for Detroit Tigers : RHP Caleb Franklin
|
|
Batting: LHB Bob Branham
|
0-0: Ball 1-0: Called Strike 1-1: Ball 2-1: Foul Ball, location: 2F 2-2: Strikes out swinging, 2-3 out at first.
|
|
Pitching: RHP Ruben Arana
|
|
|
Batting: LHB Juan Concepcion
|
0-0: Ball 1-0: DOUBLE (Flyball, 8LXD, EV 98.1 MPH) - OUT at third base trying to stretch hit.
|
|
Batting: SHB Quincy Bradford
|
0-0: Ball 1-0: Ball 2-0: SOLO HOME RUN (Flyball, 9D, EV 97.5 MPH), Distance : 375 ft
|
|
Batting: LHB Jeff Luvisi
|
0-0: Ball 1-0: Foul Ball, location: 2F 1-1: Ball 2-1: Foul Ball, location: 2F 2-2: Ball 3-2: Base on Balls
|
|
Batting: RHB Nick Gentzel
|
0-0: Swinging Strike 0-1: Ball 1-1: Foul Ball, location: 2F 1-2: Strikes out swinging
|
| Top of the 7th over - 1 run, 2 hits, 0 errors, 1 left on base; Oakland 10 - Detroit 4 |
| BOTTOM OF THE 7TH |
|
Detroit Tigers batting - Pitching for Oakland Athletics : RHP Melvin Medellin
|
|
Pitching: RHP Cody Autry
|
|
|
Batting: RHB Dan Friess
|
0-0: Ball 1-0: Ball 2-0: Swinging Strike 2-1: Foul Ball, location: 2F 2-2: Fly out, F8 (Flyball, 8RM, EV 83.8 MPH)
|
|
Batting: RHB Jerry Jauregui
|
0-0: Called Strike 0-1: Called Strike 0-2: Ball 1-2: Strikes out looking
|
|
Batting: LHB Dave Carlisle
|
0-0: Ball 1-0: Ball 2-0: Foul Ball, location: 2F 2-1: Called Strike 2-2: Strikes out swinging
|
| Bottom of the 7th over - 0 runs, 0 hits, 0 errors, 0 left on base; Oakland 10 - Detroit 4 |
| TOP OF THE 8TH |
|
Oakland Athletics batting - Pitching for Detroit Tigers : RHP Ruben Arana
|
|
Batting: LHB Al Hernandez
|
0-0: Called Strike 0-1: SINGLE (Groundball, 34D, EV 106.2 MPH)
|
|
Batting: RHB Randy Shrewsbury
|
0-0: Ball 1-0: Ball 2-0: Ball 3-0: Called Strike 3-1: Base on Balls Al Hernandez to second
|
|
Batting: LHB Tom Butterbaugh
|
0-0: Called Strike 0-1: Ball 1-1: Foul Ball, location: 2F 1-2: Ball 2-2: Strikes out swinging
|
|
Batting: RHB Muneo Kawachi
|
0-0: Called Strike 0-1: Ball 1-1: Called Strike 1-2: Ball 2-2: Foul Ball, location: 2F 2-2: Ball 3-2: Base on Balls Al Hernandez to third Randy Shrewsbury to second
|
|
Pitching: RHP Tony Kepp
|
|
|
Batting: LHB Bob Branham
|
0-0: Foul Ball, location: 2F 0-1: Foul Ball, location: 2F 0-2: Ball 1-2: Strikes out swinging
|
|
Batting: LHB Juan Concepcion
|
0-0: Called Strike 0-1: Ball 1-1: Ball 2-1: Foul Ball, location: 2F 2-2: Ball 3-2: Strikes out looking
|
| Top of the 8th over - 0 runs, 1 hit, 0 errors, 3 left on base; Oakland 10 - Detroit 4 |
| BOTTOM OF THE 8TH |
|
Detroit Tigers batting - Pitching for Oakland Athletics : RHP Cody Autry
|
|
Batting: LHB Frank McConnell
|
0-0: Ball 1-0: Ball 2-0: Ball 3-0: Called Strike 3-1: SINGLE (Popup, 5D, EV 55.0 MPH)
|
|
Batting: SHB Adam Weber
|
0-0: Ball 1-0: Ball 2-0: Ball 3-0: Foul Ball, location: 2F 3-1: SINGLE (Line Drive, 8LS, EV 110.6 MPH) Frank McConnell to second
|
|
Batting: LHB Conrad Taylor
|
0-0: Foul Ball, location: 2F 0-1: Called Strike 0-2: Ball 1-2: Foul Ball, location: 2F 1-2: Ball 2-2: Ball 3-2: Fly out, F9 (Flyball, 89S, EV 85.6 MPH)
|
|
Batting: SHB Ross Holland
|
0-0: Ball 1-0: SINGLE (Groundball, 56S, EV 71.9 MPH) (infield hit) Frank McConnell to third Adam Weber to second
|
|
Batting: LHB Tyler Davis
|
0-0: Ball 1-0: Ball 2-0: Ball 3-0: Base on Balls Frank McConnell scores Adam Weber to third Ross Holland to second
|
|
Batting: RHB Dan Becvar
|
0-0: Ball 1-0: Ball 2-0: Ball 3-0: Base on Balls Adam Weber scores Ross Holland to third Tyler Davis to second
|
|
Batting: RHB Dan Friess
|
0-0: Ball 1-0: Grounds into double play, 4-6-3 (Groundball, 4M, EV 101.9 MPH)
|
| Bottom of the 8th over - 2 runs, 3 hits, 0 errors, 2 left on base; Oakland 10 - Detroit 6 |
| TOP OF THE 9TH |
|
Oakland Athletics batting - Pitching for Detroit Tigers : RHP Tony Kepp
|
|
Pitching: RHP Bobby Wright
|
|
|
Batting: SHB Quincy Bradford
|
0-0: Ball 1-0: Called Strike 1-1: Foul Ball, location: 2F 1-2: Ball 2-2: Foul Ball, location: 2F 2-2: Ball 3-2: Foul Ball, location: 2F 3-2: Reached via error on a dropped throw from 1B, E1 (Groundball, 34, EV 77.5 MPH)
|
|
Batting: LHB Jeff Luvisi
|
0-0: Foul Ball, location: 2F 0-1: Sac Bunt to 15S - play at first, batter safe! Quincy Bradford to second
|
|
Batting: RHB Nick Gentzel
|
0-0: Ball 1-0: Foul Ball, location: 2F 1-1: Called Strike 1-2: Foul Ball, location: 2F 1-2: Strikes out swinging
|
|
Batting: LHB Al Hernandez
|
0-0: Called Strike 0-1: Foul Ball, location: 2F 0-2: Foul Ball, location: 2F 0-2: Foul Ball, location: 2F 0-2: Strikes out swinging
|
|
Batting: RHB Randy Shrewsbury
|
0-0: Called Strike 0-1: Foul Ball, location: 2F 0-2: Strikes out swinging
|
| Top of the 9th over - 0 runs, 1 hit, 1 error, 2 left on base; Oakland 10 - Detroit 6 |
| BOTTOM OF THE 9TH |
|
Detroit Tigers batting - Pitching for Oakland Athletics : RHP Cody Autry
|
|
Pitching: RHP Hunter Vanderhyden
|
|
|
Batting: RHB Jerry Jauregui
|
0-0: Foul Ball, location: 2F 0-1: Foul Ball, location: 2F 0-2: Strikes out swinging
|
|
Batting: LHB Dave Carlisle
|
0-0: Called Strike 0-1: Ball 1-1: Ball 2-1: SOLO HOME RUN (Line Drive, 7D, EV 98.8 MPH), Distance : 383 ft
|
|
Batting: LHB Frank McConnell
|
0-0: Called Strike 0-1: Ball 1-1: Called Strike 1-2: Strikes out swinging
|
|
Batting: SHB Adam Weber
|
0-0: Ground out 3-1 (Groundball, 34, EV 85.0 MPH)
|
| Bottom of the 9th over - 1 run, 1 hit, 0 errors, 0 left on base; Oakland 10 - Detroit 7 |
|